 Dungeon Crawl Stone Soup version 0.29-a0-872-g797fff5ad1 (webtiles) character file.

Game seed: 10495329973626496832

30915 zeratav the Arsonist (level 13, -6/133 HPs)
             Began as an Octopode Venom Mage on July 19, 2022.
             Was an Initiate of Gozag.
             Mangled by a four-headed hydra (12 damage)
             ... on level 5 of the Lair of Beasts.
             The game lasted 01:01:01 (23502 turns).

zeratav the Arsonist (Octopode Venom Mage)         Turns: 23502, Time: 01:01:02

Health: -6/133     AC: 26    Str: 20    XL:     13   Next: 54%
Magic:  17/20      EV:  2    Int: 28    God:    Gozag
Gold:   1404       SH:  3    Dex: 12    Spells: 12/22 levels left

rFire   . . .      SeeInvis .   w - +2 spear (freeze) {polearm}
rCold   + + .      Faith    .   B - +0 buckler
rNeg    . . .      Spirit   .   (helmet currently unavailable)
rPois   +          Reflect  .   (no amulet)
rElec   .          Harm     .   e - +6 ring of strength
rCorr   .          Rampage  .   f - +4 ring of evasion
Will    .....      NoTele   +   j - +4 ring of slaying
Stlth   ++++......              l - +6 ring of strength
HPRegen 0.32/turn               P - ring of poison resistance
MPRegen 0.17/turn               p - ring of protection from cold
                                y - ring of protection from cold
                                C - +6 ring of intelligence

@: tree-form, hasted, very quick
A: stationary, stasis, torment immunity, boosted hp, almost no armour,
(amphibious), 8 rings, (camouflage 1), (gelatinous body 1), (nimble swimmer 1),
(tentacles)
a: Renounce Religion, Potion Petition, Call Merchant, Bribe Branch


You were on level 5 of the Lair of Beasts.
You worshipped Gozag.
Gozag was most pleased with you.
You were a tree.
You visited 3 branches of the dungeon, and saw 18 of its levels.
You also visited: Ice Cave.

You collected 3594 gold pieces.
You spent 760 gold pieces at shops.
You paid 1430 gold pieces to Gozag.


Innate Abilities, Weirdness & Mutations

You are a tree.
Your roots penetrate the ground, keeping you stationary.
You cannot be teleported.
You are immune to unholy pain and torment.
Your maximum health is greatly increased.
You cannot wear most types of armour.
((You are amphibious.))
You can wear up to eight rings at the same time.
((Your skin changes colour to match your surroundings (Stealth+).))
((Your rubbery body absorbs attacks. (AC +1, EV +1)))
((You are camouflaged when in or above water. (Stealth+)))
((You have tentacles for arms and can constrict up to eight enemies at once.))


   Skills:
 - Level 8.4 Fighting
 - Level 8.4 Dodging
 - Level 10.0 Stealth
 - Level 5.0 Spellcasting
 - Level 9.1 Summonings
 - Level 5.0 Transmutations
 + Level 12.4 Fire Magic
 - Level 10.0 Poison Magic


You had 12 spell levels left.
You knew the following spells:

 Your Spells              Type           Power      Damage    Failure   Level
a - Sting                 Tmut/Pois      100%       1d8       1%          1
b - Poisonous Vapours     Pois/Air       70%        N/A       1%          2
c - Olgreb's Toxic Radia  Pois           58%        N/A       1%          4
d - Ignite Poison         Fire/Tmut/Pois 55%        N/A       1%          3

Your spell library contained the following spells:

 Spells                   Type           Power      Damage    Failure   Level
 Beastly Appendage        Tmut           70%        N/A       1%          1
 Wereblood                Tmut           35%        N/A       1%          2
 Spider Form              Tmut/Pois      49%        N/A       1%          3
 Conjure Flame            Conj/Fire      41%        6-21      2%          3
 Mephitic Cloud           Conj/Pois/Air  25%        N/A       7%          3
 Flame Wave               Conj/Fire      41%        2d9       7%          4
 Sticky Flame             Conj/Fire      41%        2d6       7%          4
 Magic Dart               Conj           28%        1d4       9%          1
 Blink                    Tloc           14%        N/A       14%         2
 Ensorcelled Hibernation  Hex/Ice        14%        N/A       14%         2
 Searing Ray              Conj           14%        2d5       14%         2
 Sublimation of Blood     Necr           7%         N/A       14%         2
 Fireball                 Conj/Fire      20%        3d10      21%         5
 Lesser Beckoning         Tloc           7%         N/A       26%         3
 Blade Hands              Tmut           17%        N/A       32%         5
 Anguish                  Hex/Necr       3%         N/A       65%         4
 Starburst                Conj/Fire      20%        6d7       73%         6
 Summon Hydra             Summ           27%        N/A       88%         7
 Iskenderun's Battlesphe  Conj           7%         2d6       94%         5
 Manifold Assault         Tloc           7%         N/A       94%         5
 Iron Shot                Conj/Erth      3%         9d2       100%        6
 Spellforged Servitor     Conj/Summ      16%        N/A       100%        7
 Animate Armour           Summ/Erth      Unusable   N/A       N/A         4

Inventory:

Hand Weapons
 w - a +2 spear of freezing (weapon) {polearm}
   (You took it off a gnoll on level 6 of the Dungeon)
 D - a +4 vorpal spear {polearm}
   (You took it off a gnoll sergeant on level 10 of the Dungeon)
Missiles
 s - 2 boomerangs of dispersal {=fthrowing}
Armour
 x - a +0 kite shield
   (You found it on level 6 of the Dungeon)
 B - a +0 buckler (worn)
   (You took it off a gnoll sergeant on level 7 of the Dungeon)
Magical Staves
 F - a staff of air {staff}
   (You found it on level 11 of the Dungeon)
Jewellery
 a - an amulet of reflection
   (You found it on level 5 of the Lair of Beasts)
 e - a +6 ring of strength (left branch)
   (You found it on level 1 of the Dungeon)
 f - a +4 ring of evasion (right branch)
   (You found it on level 1 of the Dungeon)
 j - a +4 ring of slaying (on tentacle)
   (You found it on level 2 of the Dungeon)
 l - a +6 ring of strength (on tentacle)
   (You found it on level 2 of the Dungeon)
 n - a ring of protection from fire
   (You found it on level 3 of the Dungeon)
 p - a ring of protection from cold (on tentacle)
   (You found it on level 4 of the Dungeon)
 y - a ring of protection from cold (on tentacle)
   (You found it on level 9 of the Dungeon)
 C - a +6 ring of intelligence (on tentacle)
   (You took it off a kobold on level 9 of the Dungeon)
 J - a ring of positive energy
   (You found it on level 1 of the Lair of Beasts)
 P - a ring of poison resistance (on tentacle)
   (You found it on level 5 of the Lair of Beasts)
Wands
 i - a wand of roots (8)
   (You found it on level 6 of the Dungeon)
 o - a wand of acid (5)
   (You took it off an orc on level 8 of the Dungeon)
 u - a wand of charming (11)
   (You found it on level 6 of the Dungeon)
 K - a wand of flame (27)
   (You found it on level 1 of the Lair of Beasts)
 O - a wand of polymorph (4)
   (You found it on level 3 of the Lair of Beasts)
Scrolls
 g - 3 scrolls of immolation {!r!r}
 h - 6 scrolls of magic mapping {!r}
 r - 2 scrolls of vulnerability {!r!r}
 z - 2 scrolls of enchant armour
 A - 7 scrolls of identify {@r1}
 E - 3 scrolls of silence {!r}
 G - a scroll of teleportation {@r4}
 L - a scroll of fog
 M - 3 scrolls of amnesia
 N - a scroll of enchant weapon
Potions
 b - a potion of haste {@q3}
 c - 9 potions of curing {@q1}
 d - 4 potions of heal wounds {@q2}
 m - a potion of attraction {!q}
 q - a potion of berserk rage {!q}
 t - a potion of lignification {!q}
 v - 2 potions of might
 H - a potion of ambrosia
Miscellaneous
 I - a box of beasts (inert)
   (You found it on level 12 of the Dungeon)

Dungeon Overview and Level Annotations

Branches:
Dungeon (12/15) Zot: 26007  Temple (1/1) D:7 Zot: 5462    Lair (5/5) D:8 Zot: 23650
 Shoals (0/4) Lair:2       Spider (0/4) Lair:2        Slime (0/5) Lair:5
    Orc (0/2) D:10          IceCv (visited)

Altars:
Ashenzari
Cheibriados
Dithmenos
Elyvilon
Fedhas
Gozag
Hepliaklqana
Kikubaaqudgha
Makhleb
Nemelex Xobeh
Okawaru
Qazlal
Ru
Sif Muna
Trog
Uskayaw
Vehumet
Wu Jian
Xom
Yredelemnul
Zin
The Shining One

Shops:
D:4 [   D:8 !   D:10 :

Portals:
Volcano: Lair:5

Annotations:
D:2 Sigmund
D:3 exclusion: downstairs
D:5 1 runed translucent door
D:7 Joseph
D:10 exclusion: 4 doors
D:12 exclusions: cyclops, gargoyle, 3 slime creatures and ugly thing
Lair:3 exclusion: hydra

,≈≈≈≈≈,*≈F≈≈≈≈≈≈≈≈≈≈.≈≈#*,,** *
,≈≈≈≈≈***§§§§☼☼☼○§§§☼§○#*,,,*
,≈≈≈≈,*≈≈§§§§§§☼☼☼○§○☼##,,,******
,,≈≈≈,*,≈☼☼§§○§§FP§§§○#**,,***,*,
,,≈≈≈***≈§☼☼○P§P○○○§§##,**,,*,**,
,,,≈≈**≈≈☼○§☼§○§§○§P§#,,,,,,,,,,,
≈≈≈≈≈*≈≈≈○§§P☼○§☼○§☼##,,,,,,,,,,,
≈,,,***≈≈§P○○○§FyF☼○#,,,,*,,,,,,,
,,≈,*≈≈≈≈☼○○§§○y♣D≈☼#,,,**,,,,,*,
*≈≈,**≈≈≈§☼○§☼○○§☼§○#,,*,,,,,,,,,
,****≈$,,§§○☼○§§§☼§○§§§§,,,,,,,,,
,,* ****≈☼☼☼§§○§P§○○§☼§§,,,,,,,*,
,****,,,,§☼§○§§☼§§§☼##§§,,,,,,,**
,,,,,,,**§##§########*.§**,,,,,,*
,,,*,,,****##* ***********,
,,,,,,,** ** ,,,,,,,,*


You could see a four-headed hydra (inner flame), 2 cane toads, a blink frog and
2 vampire mosquitoes.


Message History

The vampire mosquito bites you but does no damage.
The vampire mosquito buzzes angrily.
You hit the vampire mosquito. You freeze the vampire mosquito.
The vampire mosquito bites you but does no damage. x2
You closely miss the vampire mosquito.
The vampire mosquito bites you but does no damage.
You barely miss the vampire mosquito. The vampire mosquito bites you.
* * * LOW HITPOINT WARNING * * *
The vampire mosquito draws strength from your injuries!
The vampire mosquito bites you.
* * * LOW HITPOINT WARNING * * *
The vampire mosquito draws strength from your injuries!
A cane toad comes into view.
You block the vampire mosquito's attack.
HP[-10]
You take 10 damage, and now have 47/133 hp.
You barely miss the vampire mosquito.
You block the vampire mosquito's attack.
The vampire mosquito bites you but does no damage. x2
HP[+1]
You closely miss the vampire mosquito. The vampire mosquito barely misses you.
The vampire mosquito bites you but does no damage.
A four-headed hydra comes into view.
The cane toad gives a loud, deep croak!
You hit the vampire mosquito. You freeze the vampire mosquito.
The cane toad is no longer distracted by gold.
The vampire mosquito bites you but does no damage. x2
You block the cane toad's attack.
The vampire mosquito bites you but does no damage. x2
You hit the vampire mosquito. You freeze the vampire mosquito.
The vampire mosquito barely misses you.
The vampire mosquito bites you but does no damage.
The cane toad stings you but does no damage.
Read: scroll of poison {!r}
Press: ? - help, Q - select action, (/) - cycle Dir - look around, f - activate The air fills with toxic fumes!
As you read the scroll of poison {!r}, it crumbles to dust.
You block the vampire mosquito's attack.
The vampire mosquito bites you but does no damage.
The cane toad stings you but does no damage. x2
The vampire mosquito bites you but does no damage. x2
HP[+1] Read: 4 scrolls of immolation {!r!r}
Press: ? - help, Q - select action, (/) - cycle Dir - look around, f - activate Look: a vampire mosquito (susceptible)
As you read the scroll of immolation {!r!r}, it crumbles to dust.
The creatures around you are filled with an inner flame!
The vampire mosquito bites you but does no damage.
The vampire mosquito bites you.
* * * LOW HITPOINT WARNING * * *
The vampire mosquito draws strength from your injuries!
The cane toad stings you but does no damage.
The four-headed hydra bites you!
* * * LOW HITPOINT WARNING * * *
The four-headed hydra bites you but does no damage.
You block the four-headed hydra's attack.
The four-headed hydra bites you but does no damage.
The cane toad stings you!
* * * LOW HITPOINT WARNING * * *
HP[-27]
You take 27 damage, and now have 22/133 hp.
MASSIVE DAMAGE!! (PAUSE)
Casting: Sting (safe; 1% risk of failure)
Confirm with . or Enter, or press ? or * to list all spells.
You ignite the poison in your surroundings!
The blink frog gives a loud, deep croak!
The blink frog is engulfed in blazing flames.
The vampire mosquito bites you!
* * * LOW HITPOINT WARNING * * *
The vampire mosquito draws strength from your injuries!
The vampire mosquito bites you but does no damage.
The blink frog is engulfed in blazing flames.
HP[-8] MP[-3]
You take 8 damage, and now have 14/133 hp.
You lost 3 mp, and now have 17/20 mp.
You hit the vampire mosquito.
Flame seeps out of the vampire mosquito.
You freeze the vampire mosquito.
Flame seeps out of the vampire mosquito.
You punch the vampire mosquito, but do no damage.
The plant is engulfed in a cloud of scalding steam.
The plant begins to die.
The plant is engulfed in a cloud of scalding steam.
The plant begins to die.
The vampire mosquito is engulfed in blazing flames.
Flame seeps out of the vampire mosquito.
The vampire mosquito bites you.
* * * LOW HITPOINT WARNING * * *
The vampire mosquito draws strength from your injuries!
The cane toad stings you.
* * * LOW HITPOINT WARNING * * *
The vampire mosquito bites you but does no damage.
The cane toad stings you.
* * * LOW HITPOINT WARNING * * *
The four-headed hydra is engulfed in blazing flames.
Flame seeps out of the four-headed hydra.
The four-headed hydra bites you but does no damage. x2
The four-headed hydra bites you!
You die...
Your body crumbles into a pile of gold.

Skill      XL: |  1  2  3  4  5  6  7  8  9 10 11 12 13 |
---------------+----------------------------------------+-----
Stealth        | 3 4 5 8 10 | 10.0
Poison Magic   | 4 5 6 8 9 10 | 10.0
Fighting       | 2 5 7 8 |  8.4
Dodging        | 3 5 7 8 |  8.4
Spellcasting   | 5 |  5.0
Summonings     | 6 9 |  9.1
Fire Magic     | 4 9 12 | 12.4
Transmutations | 5 |  5.0

Action                   |  1- 3 |  4- 6 |  7- 9 | 10-12 | 13-15 || total
-------------------------+-------+-------+-------+-------+-------++-------
Melee: Club              |    30 |       |       |       |       ||    30
       Constrict         |    14 |     7 |    13 |    35 |     8 ||    77
       Tentacles         |    10 |     6 |    20 |    42 |    12 ||    90
       Unarmed           |     2 |       |       |       |       ||     2
       Punch             |     1 |       |     2 |     1 |     1 ||     5
       Spear             |    15 |    37 |   121 |   168 |    52 ||   393
Throw: Boomerang         |       |       |       |       |     1 ||     1
 Cast: Sting             |    27 |    10 |    18 |    22 |    10 ||    87
       Poisonous Vapours |       |    13 |    58 |    90 |    27 ||   188
       Olgreb's Toxic Ra |       |       |    19 |    57 |    11 ||    87
       Ignite Poison     |       |       |       |    49 |    25 ||    74
Invok: Call Merchant     |       |       |       |     2 |       ||     2
Evoke: Wand              |       |       |       |     3 |     6 ||     9
       Box of beasts     |       |       |       |     1 |       ||     1
  Use: Scroll            |       |       |    10 |    11 |     4 ||    25
       Potion            |       |       |     3 |     4 |     5 ||    12
 Stab: Sleeping          |     9 |     7 |     7 |     3 |     2 ||    28
       Distracted        |       |       |       |     5 |     1 ||     6
Armor: Skin              |     4 |     1 |     4 |     3 |    30 ||    42
Dodge: Dodged            |    38 |    18 |   121 |   167 |    60 ||   404
Block: Buckler           |       |       |     2 |    25 |    12 ||    39

Levels and vault maps discovered:
D:1:      spicycebolla_arrival_ecumenical, layout_loops_cross, corner_web_ring,
          minmay_misc_feat_ornament, grunt_decor_one_mirror
D:2:      layout_basic, chequers_serial_rivers_micro_e, uniq_sigmund
D:3:      layout_loops_ring
D:4:      layout_rooms, mainiacjoe_overflow_catch_the_wave,
          mainiacjoe_overflow_surrounded_room, kennysheep_mini_moat,
          serial_shops, nicolae_shop_stone, chequers_serial_rivers_micro_b,
          minmay_surrounded
D:5:      layout_rooms, dk_yredelemnul_ordeal
D:6:      layout_loops_cross, mainiacjoe_overflow_alcove_2
D:7:      layout_rooms, old_standard_altar, minmay_temple_entry_slanted,
          uniq_joseph
D:8:      layout_basic, lair_entry_dummy, minmay_lindwurm_lava
D:9:      nicolae_cairo_tiling_large_dashed, layout_loops_ring,
          grunt_temple_overflow_magic_moments,
          mainiacjoe_overflow_small_starburst
D:10:     layout_basic, mainiacjoe_overflow_six_doors_small,
          kennysheep_orc_monster_closet_entryway, kennysheep_another_room,
          uniq_grum, uniq_sonja
D:11:     layout_gridville, minivault_16
D:12:     layout_rooms, serial_shops, shop
Temple:   chequers_temple_sunken
Lair:1:   layout_hall_layers, portal_ice_cave_entry_imps, beast_lair_carwin_5
Lair:2:   layout_gridlike, minmay_shoals_entry_beasts,
          nicolae_spider_entry_orb_guardian, serial_bayou_lake_a,
          grunt_megastairs_2, serial_bayou_shore_a
Lair:3:   layout_cellular_growth, nicolae_quartered_pool_little,
          serial_bayou_shore_b, infiniplex_staircase_pool_2
Lair:4:   nzn_winding_woodlands_huge [nzn_winding_woodlands_5x15_concentric,
          nzn_winding_woodlands_5x15_river_crossing,
          nzn_winding_woodlands_5x15_sidewinder,
          nzn_winding_woodlands_5x15_crooked,
          nzn_winding_woodlands_5x15_pockets,
          nzn_winding_woodlands_5x15_longhouse,
          nzn_winding_woodlands_5x15_pathside_ponds,
          nzn_winding_woodlands_5x15_jagged, nzn_winding_woodlands_5x15_pool,
          nzn_winding_woodlands_5x15_parted,
          nzn_winding_woodlands_center_pierced_h,
          nzn_winding_woodlands_center_lodge,
          nzn_winding_woodlands_15x15_thick_spiral], layout_misc_corridors,
          dreamdust_gnoll_shepherd, uniq_urug
Lair:5:   minmay_lair_end_frog_pond, layout_loops_ring, dpeg_slime_entry_corner,
          nicolae_volcano_entry_hallway

Notes
Turn   | Place    | Note
-------+----------+-------------------------------------------
     0 | D:1      | zeratav the Octopode Venom Mage began the quest for the
                  | Orb.
     0 | D:1      | Reached XP level 1. HP: 11/11 MP: 3/3
     0 | D:1      | magus.rc [v1.9.6]
   156 | D:1      | Reached skill level 3 in Stealth
   268 | D:1      | Reached skill level 4 in Poison Magic
   268 | D:1      | Reached XP level 2. HP: 17/17 MP: 5/5
   484 | D:1      | You fall into a shaft and drop 1 floor!
   562 | D:2      | You pick up a book of Spatial Translocations and begin
                  | reading...
   562 | D:2      | You add the spells Blink, Lesser Beckoning and Manifold
                  | Assault to your library.
   656 | D:2      | Noticed Sigmund
   714 | D:2      | Reached skill level 4 in Stealth
   714 | D:2      | Reached XP level 3. HP: 14/21 MP: 0/6
  1764 | D:3      | Learned a level 2 spell: Poisonous Vapours
  1965 | D:3      | You pick up a book of Blood and begin reading...
  1965 | D:3      | You add the spells Sublimation of Blood, Wereblood and
                  | Summon Hydra to your library.
  2420 | D:4      | Reached skill level 5 in Poison Magic
  2420 | D:4      | Reached XP level 4. HP: 27/27 MP: 7/7
  2427 | D:4      | Reached skill level 5 in Stealth
  2442 | D:4      | Noticed an ogre
  2449 | D:4      | Found a hazy altar of Hepliaklqana.
  2462 | D:3      | magus.rc [v1.9.6]
  2490 | D:4      | Found Atachig's Armour Shop.
  2510 | D:4      | Reached XP level 5. HP: 28/31 MP: 5/8
  2562 | D:4      | Found a blossoming altar of Fedhas.
  2693 | D:4      | Killed an ogre
  2694 | D:4      | Reached skill level 6 in Poison Magic
  2863 | D:4      | Reached XP level 6. HP: 36/36 MP: 9/9
  2873 | D:4      | Reached skill level 7 in Poison Magic
  3135 | D:4      | Found an opulent altar of Gozag.
  3151 | D:4      | Became a worshipper of Gozag Ym Sagoz the Greedy
  3266 | D:4      | Reached skill level 8 in Poison Magic
  3284 | D:4      | Found a snail-covered altar of Cheibriados.
  3459 | D:5      | Entered Level 5 of the Dungeon
  3465 | D:5      | Reached XP level 7. HP: 41/41 MP: 1/10
  3481 | D:5      | HP: 10/41 [orc/+0 trident (8)]
  3491 | D:5      | HP: 3/41 [orc/+0 trident (8)]
  3900 | D:5      | Reached skill level 9 in Poison Magic
  4120 | D:5      | HP: 10/42 [ufetubus (2)]
  4339 | D:5      | You pick up a book of Dreams and begin reading...
  4339 | D:5      | You add the spells Ensorcelled Hibernation, Spider Form and
                  | Anguish to your library.
  4359 | D:5      | Reached skill level 1 in Fighting
  4466 | D:5      | Learned a level 4 spell: Olgreb's Toxic Radiance
  4568 | D:5      | Reached skill level 2 in Fighting
  4568 | D:5      | Reached skill level 3 in Dodging
  4568 | D:5      | Reached XP level 8. HP: 47/51 MP: 0/11
  4913 | D:5      | Reached skill level 3 in Fighting
  5087 | D:5      | Reached skill level 4 in Dodging
  5095 | D:5      | Reached skill level 10 in Poison Magic
  5284 | D:5      | Found a runed translucent door.
  5287 | D:5      | Found a basalt altar of Yredelemnul.
  5343 | D:6      | Reached skill level 4 in Fighting
  5450 | D:6      | Reached skill level 5 in Dodging
  5693 | D:6      | Reached skill level 5 in Fighting
  5693 | D:6      | Reached XP level 9. HP: 30/61 MP: 7/12
  6227 | D:6      | Found a glowing silver altar of Zin.
  6231 | D:6      | Reached skill level 6 in Dodging
  6588 | D:6      | Reached skill level 6 in Fighting
  7006 | D:7      | Reached skill level 7 in Dodging
  7011 | D:7      | Found a staircase to the Ecumenical Temple.
  7098 | D:7      | Reached skill level 7 in Fighting
  7297 | D:7      | You pick up a book of Changes and begin reading...
  7325 | Temple   | Entered the Ecumenical Temple
  7908 | D:7      | Noticed Joseph
  7958 | D:7      | Reached skill level 6 in Stealth
  8122 | D:7      | Reached skill level 7 in Stealth
  8295 | D:7      | Found a shadowy altar of Dithmenos.
  8299 | D:7      | Reached skill level 8 in Stealth
  8313 | D:7      | Reached XP level 10. HP: 64/71 MP: 13/13
  8359 | D:7      | Reached skill level 9 in Stealth
  8701 | D:7      | Noticed a green ugly thing
  9232 | D:8      | Noticed a lindwurm
  9238 | D:8      | Reached skill level 10 in Stealth
  9244 | D:8      | Noticed a lindwurm
  9248 | D:8      | Noticed a lindwurm
  9250 | D:8      | Noticed a lindwurm
  9549 | D:8      | Reached skill level 3 in Spellcasting
  9915 | D:8      | Reached skill level 1 in Summonings
 10055 | D:8      | Reached skill level 2 in Summonings
 10176 | D:8      | Found a staircase to the Lair.
 10251 | D:8      | Reached skill level 4 in Spellcasting
 10373 | D:8      | Bought a potion of degeneration for 12 gold pieces
 10574 | D:9      | Reached skill level 3 in Summonings
 10910 | D:9      | Reached skill level 5 in Spellcasting
 10910 | D:9      | Reached skill level 4 in Summonings
 11647 | D:9      | Found a sacrificial altar of Ru.
 11666 | D:9      | Found a radiant altar of Vehumet.
 11669 | D:9      | Found an ancient bone altar of Kikubaaqudgha.
 11671 | D:9      | Found a shimmering blue altar of Sif Muna.
 11678 | D:9      | Got Vehumet's Quarto of the Impact
 11747 | D:9      | Reached skill level 5 in Summonings
 12082 | D:9      | Reached skill level 6 in Summonings
 12245 | D:10     | Entered Level 10 of the Dungeon
 12245 | D:10     | Noticed Grum
 12250 | D:10     | HP: 14/71 [Grum/-2 vampiric spear (11)]
 12250 | D:10     | HP: 4/71 [wolf[Grum] (10)]
 12253 | D:10     | Reached XP level 11. HP: 16/75 MP: 10/18
 12269 | D:10     | Killed Grum
 12270 | D:10     | Reached skill level 7 in Summonings
 12656 | D:10     | Noticed a two-headed ogre
 13073 | D:10     | Killed a two-headed ogre
 13074 | D:10     | Reached skill level 8 in Summonings
 13207 | D:10     | HP: 17/72 [wight/+4 morningstar of freezing (14)]
 13522 | D:10     | HP: 15/67 [wight/+5 hand axe (8)]
 13523 | D:10     | HP: 4/67 [wight/+5 hand axe (11)]
 14290 | D:10     | Noticed Sonja
 14304 | D:10     | HP: 14/63 [poisoned by Sonja]
 14304 | D:10     | Killed Sonja
 14611 | D:10     | Reached skill level 9 in Summonings
 14679 | D:10     | You pick up a book of Power and begin reading...
 14679 | D:10     | You add the spells Iskenderun's Battlesphere, Iron Shot and
                  | Spellforged Servitor to your library.
 14681 | D:10     | Bought an Everburning Encyclopedia for 286 gold pieces
 14681 | D:10     | You add the spells Conjure Flame, Ignite Poison and Sticky
                  | Flame to your library.
 14685 | D:10     | Found a staircase to the Orcish Mines.
 14693 | D:10     | Reached skill level 1 in Fire Magic
 14697 | D:10     | Reached skill level 2 in Transmutations
 14699 | D:10     | Reached skill level 2 in Fire Magic
 14897 | D:10     | Noticed a two-headed ogre
 14920 | D:10     | Killed a two-headed ogre
 14921 | D:10     | Reached skill level 3 in Transmutations
 14921 | D:10     | Reached skill level 3 in Fire Magic
 14981 | D:10     | Learned a level 3 spell: Ignite Poison
 15109 | D:10     | Found a burning altar of Makhleb.
 15774 | D:11     | Reached skill level 4 in Transmutations
 16173 | D:12     | Noticed a cyclops
 16174 | D:12     | Noticed a cyan ugly thing
 16324 | D:12     | Noticed a boulder beetle
 16331 | D:12     | Killed a boulder beetle
 16332 | D:12     | Reached skill level 4 in Fire Magic
 16475 | D:12     | Noticed a manticore
 16480 | D:12     | Killed a manticore
 16481 | D:12     | Reached skill level 5 in Transmutations
 16624 | D:12     | Noticed a two-headed ogre
 16629 | D:12     | Killed a two-headed ogre
 16629 | D:12     | Killed a cyclops
 16630 | D:12     | Reached XP level 12. HP: 63/82 MP: 7/19
 16757 | Lair:1   | Entered Level 1 of the Lair of Beasts
 16761 | Lair:1   | Found a frozen archway.
 16933 | Lair:1   | Reached skill level 8 in Fighting
 16933 | Lair:1   | Reached skill level 8 in Dodging
 17183 | IceCv    | Entered an ice cave
 17554 | Lair:1   | You pick up a book of Changes and begin reading...
 17746 | Lair:1   | Reached skill level 5 in Fire Magic
 18583 | D:10     | Bought the Anthology of Untold Secrets for 462 gold pieces
 18583 | D:10     | You add the spells Searing Ray, Flame Wave, Fireball and
                  | Starburst to your library.
 18734 | Lair:2   | Reached skill level 6 in Fire Magic
 18775 | Lair:2   | Found a staircase to the Shoals.
 19119 | Lair:2   | Noticed a seven-headed hydra
 19138 | Lair:2   | Killed a seven-headed hydra
 19139 | Lair:2   | Reached skill level 7 in Fire Magic
 19203 | Lair:2   | Noticed a five-headed hydra
 19394 | Lair:2   | Killed a five-headed hydra
 19438 | Lair:2   | Reached skill level 8 in Fire Magic
 19947 | Lair:2   | Found a hole to the Spider Nest.
 20323 | Lair:3   | Noticed an eight-headed hydra
 20407 | Lair:3   | Reached skill level 9 in Fire Magic
 20524 | Lair:3   | Noticed a four-headed hydra
 20755 | Lair:3   | Reached XP level 13. HP: 58/89 MP: 14/20
 21183 | Lair:3   | You pick up a book of Iron and begin reading...
 21225 | Lair:4   | Reached skill level 10 in Fire Magic
 21527 | Lair:4   | Reached skill level 11 in Fire Magic
 23083 | Lair:4   | Reached skill level 12 in Fire Magic
 23128 | Lair:4   | You fall into a shaft and drop 1 floor!
 23128 | Lair:5   | Entered Level 5 of the Lair of Beasts
 23254 | Lair:5   | Found a dark tunnel.
 23500 | Lair:5   | HP: 22/133 [cane toad (16)]
 23502 | Lair:5   | HP: 8/133 [vampire mosquito (6)]
 23502 | Lair:5   | Mangled by a four-headed hydra

Vanquished Creatures
  A boulder beetle (D:12)
  3 hydras
  3 two-headed ogres
  Sonja (D:10)
  An orb spider (Lair:2)
  2 manticores
  A cyclops (D:12)
  10 elephants (Lair:4)
  2 black mambas
  2 torpor snails (Lair:4)
  9 cane toads
  2 unseen horrors
  A rime drake (Lair:1)
  A kobold demonologist (D:12)
  4 komodo dragons
  2 polar bears
  5 trolls
  A blink frog (Lair:5)
  A wind drake (Lair:2)
  5 dream sheep (Lair:4)
  5 wyverns
  16 yaks
  A steam dragon (D:9)
  Grum (D:10)
  A basilisk (Lair:2)
  A vampire mosquito (Lair:5)
  14 water moccasins
  5 black bears
  12 orc warriors
  3 ice beasts
  3 sky beasts (D:8)
  2 centaurs (D:6)
  6 ogres
  7 wolves
  4 phantoms
  2 necrophages
  2 kobold brigands
  7 bullfrogs
  7 gnoll sergeants
  A scorpion (D:5)
  13 wights
  10 killer bees
  7 howler monkeys
  3 electric eels (Lair:2)
  4 hounds
  3 jellies
  3 orc priests
  13 orc wizards
  5 iguanas
  28 gnolls
  7 adders
  A shadow imp (D:6)
  12 white imps
  An ufetubus (D:5)
  3 dart slugs
  36 orcs
  A ball python (D:4)
  7 bats
  6 endoplasms
  4 giant cockroaches
  7 goblins
  4 hobgoblins
  6 kobolds
  6 quokkas
  3 frilled lizards
  A kobold zombie (D:5)
  4 rats
355 creatures vanquished.

Vanquished Creatures (others)
  A bush (Lair:5)
  34 fungi
  119 plants
154 creatures vanquished.

Grand Total: 509 creatures vanquished

Table legend:
 A = Non-vault XP
 B = Vault XP
 C = Vault XP percentage of total XP
 D = Non-vault monster count
 E = Vault monster count
 F = Vault count percentage of total count
                 A         B        C        D         E       F
            +---------+---------+-------+---------+---------+-------
      Total |   34729 |    9436 |  21.4 |     293 |      62 |  17.5
            +---------+---------+-------+---------+---------+-------
        D:1 |      26 |       0 |   0.0 |      16 |       0 |   0.0
        D:2 |      38 |       0 |   0.0 |      14 |       0 |   0.0
        D:3 |      22 |       0 |   0.0 |       7 |       0 |   0.0
        D:4 |     521 |       6 |   1.1 |      24 |       3 |  11.1
        D:5 |    1191 |       1 |   0.1 |      34 |       1 |   2.9
        D:6 |    1512 |       0 |   0.0 |      24 |       0 |   0.0
        D:7 |    1590 |       0 |   0.0 |      31 |       0 |   0.0
        D:8 |    1691 |      20 |   1.2 |      26 |       2 |   7.1
        D:9 |    2459 |       0 |   0.0 |      26 |       0 |   0.0
       D:10 |    3212 |    3212 |  50.0 |      13 |      26 |  66.7
       D:11 |     923 |       0 |   0.0 |      10 |       0 |   0.0
       D:12 |    3463 |       0 |   0.0 |       6 |       0 |   0.0
     Lair:1 |    3662 |    1218 |  25.0 |      17 |      15 |  46.9
     Lair:2 |    3282 |    1717 |  34.3 |      12 |       5 |  29.4
     Lair:3 |    2751 |       0 |   0.0 |      10 |       0 |   0.0
     Lair:4 |    7216 |    2321 |  24.3 |      18 |       6 |  25.0
     Lair:5 |    1170 |     941 |  44.6 |       5 |       4 |  44.4
            +---------+---------+-------+---------+---------+-------

Illustrated notes

Table legend:
 A = Kills in this place as a percentage of kills in entire the game.
 B = Kills by you in this place as a percentage of kills by you in the entire game.
 C = Kills by friends in this place as a percentage of kills by friends in the entire game.
 D = Other kills in this place as a percentage of other kills in the entire game.
 E = Experience gained in this place as a percentage of experience gained in the entire game.
 F = Experience gained in this place divided by the number of levels of this place that you have seen.
                   A       B       C       D       E      F
               +-------+-------+-------+-------+-------+----------------------
         Total | 100.0 | 100.0 |   N/A |   N/A | 100.0 | 2324.5
       Dungeon |  74.1 |  74.1 |   N/A |   N/A |  45.0 | 1657.2
          Lair |  25.9 |  25.9 |   N/A |   N/A |  55.0 | 4855.6
               +-------+-------+-------+-------+-------+----------------------

Table legend: (Time is in decaauts)
 A = Elapsed time spent in this place.
 B = Non-inter-level travel time spent in this place.
 C = Inter-level travel time spent in this place.
 D = Time resting spent in this place.
 E = Time spent auto-exploring this place.
 F = Levels seen in this place.
 G = Mean time per level.
                   A        B        C        D        E       F      G
               +--------+--------+--------+--------+--------+-----+--------+
         Total |  23507 |  22256 |   1251 |   9453 |   6713 |  19 | 1237.2 |
       Dungeon |  16618 |  15540 |   1078 |   6178 |   5621 |  12 | 1384.8 |
        Temple |    537 |    496 |     41 |      0 |    491 |   1 |  537.0 |
          Lair |   6348 |   6216 |    132 |   3274 |    601 |   5 | 1269.6 |
      Ice Cave |      2 |      2 |      0 |      0 |      0 |   1 |    2.0 |
               +--------+--------+--------+--------+--------+-----+--------+

Top non-repeatable levels by time:
    D:10: 2482 daAuts
     D:8: 2354 daAuts
     D:9: 1946 daAuts
     D:6: 1939 daAuts
     D:5: 1567 daAuts
  Lair:4: 1544 daAuts
  Lair:1: 1537 daAuts
  Lair:3: 1484 daAuts
  Lair:2: 1413 daAuts
     D:4: 1227 daAuts
     D:7: 1215 daAuts
     D:2: 891 daAuts
     D:1: 876 daAuts
    D:11: 856 daAuts
     D:3: 757 daAuts
